 Dungeon Crawl Stone Soup version 0.31-a0-214-gb37851dbb3 (webtiles) character file.

Game seed: 68237562137126689

231 qw the Chopper (level 6, 0/38 HPs)
             Began as a Gargoyle Fighter on July 1, 2023.
             Killed by divine providence
             ... invoked by an orc priest
              (11 damage)
             ... on level 4 of the Dungeon.
             The game lasted 00:01:23 (2756 turns).

qw the Chopper (Gargoyle Fighter)                   Turns: 2756, Time: 00:01:23

Health: 0/38       AC: 18    Str: 21    XL:     6   Next: 3%
Magic:  6/6        EV:  7    Int:  9    God:
Gold:   75         SH:  0    Dex:  9    Spells: 5/5 levels left

rFire   . . .        Y - +1 war axe
rCold   . . .        c - +0 buckler
rNeg    + . .        k - +0 chain mail
rPois   inf          (no helmet)
rElec   +            (no cloak)
rCorr   .            l - +0 pair of gloves
SInv    .            (no boots)
Will    .....        (no amulet) Stlth
                     h - +4 ring of protection
HPRegen 0.26/turn    (no ring)
MPRegen 0.10/turn

%: no passive effects
@: confused
A: sickness immunity, AC +4, negative energy resistance 1, electricity
resistance, torment resistance 1, petrification resistance
a: no special abilities


You were on level 4 of the Dungeon.
You visited 1 branch of the dungeon, and saw 4 of its levels.

You collected 173 gold pieces.
You spent 98 gold pieces at shops.


Innate Abilities, Weirdness & Mutations

You are immune to sickness and miasma.
Your stone body is resilient. (AC +4)
You are immune to poison.
You resist negative energy. (rN+)
You are resistant to electric shocks. (rElec)
You are resistant to unholy torment.
You are immune to petrification.


   Skills:
 - Level 4.0 Fighting
 + Level 5.1 Axes
 - Level 3.2 Armour
 - Level 3.2 Shields


You had 5 spell levels left.
You didn't know any spells.
Your spell library was empty.

Inventory:

Hand Weapons
 j - a +0 mace
 Y - a +1 war axe (weapon)
Armour
 c - a +0 buckler (worn)
 g - a +0 cloak
 k - a +0 chain mail (worn)
 l - a +0 pair of gloves (worn)
 m - a +0 pair of boots
 r - a +1 cloak
Jewellery
 h - a +4 ring of protection (left hand)
Scrolls
 q - a scroll of teleportation
Potions
 a - 2 potions of attraction
 b - a potion of magic {unknown}
 d - a potion of might
 e - a potion of mutation {unknown}
 f - 3 potions of curing {unknown}
 i - 2 potions of degeneration {unknown}
 n - a potion of berserk rage {unknown}
 o - a potion of lignification {unknown}
 p - a potion of cancellation {unknown}

Dungeon Overview and Level Annotations

Branches:
Dungeon (4/15)
 Temple: D:4-7

Altars:

Shops:
D:4 [


Message History

The orc priest is severely wounded.
You miss something. Something hits you but does no damage.
An orc comes into view. It is wielding a +0 flail.
The orc priest closely misses you.
You closely miss the orc priest.
The orc priest is severely wounded.
You miss something. Something hits you but does no damage.
The orc priest looks satisfied for a moment.
Something hits you. The orc priest barely misses you.
The orc priest calls upon Beogh to heal the orc priest.
The orc priest is healed somewhat.
You barely miss the orc priest.
The orc priest is heavily wounded.
You barely miss something.
The orc priest invokes the aid of Beogh against you.
Beogh smites you!
You hit the orc priest.
The orc priest is severely wounded.
You slash something! You block the orc priest's attack.
You hit the orc priest.
The orc priest is almost dead.
You hit something. Something hits you but does no damage.
The orc priest barely misses you.
You hit the orc priest.
You kill the orc priest!
You hit something.
You hear some strange, mumbled words.
You are confused.
Something hits you but does no damage. The orc hits you with a +0 mace.
Your Fighting skill increases to level 4!
You have reached level 6!
You hear some strange, mumbled words.
A puff of flame appears from out of thin air!
The puff of flame misses you. The orc hits you with a +0 mace.
The orc priest invokes the aid of Beogh against you.
Beogh smites you!
You die...

.##....................##..
........##....##.......#
........#.....#.... ...#
.##........##...........
.........#...#.. ....
..........)..###...
...##..#.....##.# ...
##.#........# ..
.........@### ..#.......{o#
..........#o..
.#.#.............
...##...........#... ..
#....##....## .. .....
##.### # ...


You could see an orc priest and an orc.

Vanquished Creatures
  A centaur (D:3)
  An orc priest (D:4)
  An iguana (D:4)
  2 adders
  7 worms
  An orc (D:3)
  5 endoplasms
  2 giant cockroaches
  6 goblins
  8 hobgoblins
  4 kobolds
  6 quokkas
  6 ball pythons
  2 frilled lizards (D:1)
  2 rats (D:2)
54 creatures vanquished.

Notes
Turn   | Place    | Note
-------+----------+-------------------------------------------
     0 | D:1      | qw the Gargoyle Fighter began the quest for the Orb.
     0 | D:1      | Reached XP level 1. HP: 14/14 MP: 1/1
     0 | D:1      | 0 ||| qw: Version: 0.3-a-32-g5962c71
     0 | D:1      | 0 ||| qw: Game counter: 7420
     0 | D:1      | 0 ||| qw: Melee chars always use a shield: true
     0 | D:1      | 0 ||| qw: God list: Okawaru
     0 | D:1      | 0 ||| qw: Allow faded altars: false
     0 | D:1      | 0 ||| qw: Do Orc after clearing Dungeon:15 true
     0 | D:1      | 0 ||| qw: Do second Lair branch before Depths: true
     0 | D:1      | 0 ||| qw: Lair rune preference: random
     0 | D:1      | 0 ||| qw: Goals: Normal, Zot:1-4, Slime:5, God:TSO, Crypt,
                  | Tomb, Abyss, Pan, Hells, Win
     0 | D:1      | 0 ||| PLANNING D:1-11
   118 | D:1      | Reached skill level 2 in Axes
   311 | D:1      | Reached XP level 2. HP: 15/19 MP: 2/2
   749 | D:1      | 749 ||| UPGRADING to +0 chain mail.
   759 | D:1      | 759 ||| DROPPING +0 scale mail.
   760 | D:1      | 760 ||| READING 2 scrolls labelled TYHYSTR VINUE.
   761 | D:1      | 761 ||| READING scroll labelled QICARIQYPP.
   764 | D:1      | 764 ||| READING scroll labelled NIUTYUB AMPIEL.
   765 | D:1      | 765 ||| READING scroll labelled ENA NAUFFICUA.
   766 | D:1      | 766 ||| READING scroll labelled VEUKHU ZUENI.
   767 | D:1      | 767 ||| DROPPING scroll of fear.
  1144 | D:2      | 1144 ||| DROPPING +0 whip.
  1148 | D:2      | 1148 ||| Stepping ~*~*~tactically~*~*~ (stealth).
  1149 | D:2      | 1149 ||| Stepping ~*~*~tactically~*~*~ (stealth).
  1212 | D:2      | Reached skill level 3 in Axes
  1258 | D:2      | Reached XP level 3. HP: 9/23 MP: 3/3
  1594 | D:2      | 1594 ||| UPGRADING to +4 ring of protection.
  1595 | D:2      | 1595 ||| READING scroll labelled FOTUASO DANLIN.
  1596 | D:2      | 1596 ||| DRINKING 3 fuming black potions.
  1631 | D:3      | 1631 ||| Stepping ~*~*~tactically~*~*~ (stealth).
  1730 | D:3      | 1730 ||| Stepping ~*~*~tactically~*~*~ (stealth).
  1866 | D:3      | 1866 ||| Stepping ~*~*~tactically~*~*~ (stealth).
  1872 | D:3      | 1872 ||| Stepping ~*~*~tactically~*~*~ (stealth).
  1883 | D:3      | Reached XP level 4. HP: 28/28 MP: 4/4
  1972 | D:3      | Noticed a centaur
  1977 | D:3      | Killed a centaur
  1978 | D:3      | Reached skill level 4 in Axes
  1978 | D:3      | Reached XP level 5. HP: 28/32 MP: 5/5
  2526 | D:3      | 2526 ||| UPGRADING to +0 pair of gloves.
  2531 | D:3      | 2531 ||| READING scroll labelled ULIGEO YFAUKK.
  2554 | D:4      | Found Feqoas's Armour Shop.
  2569 | D:4      | 2569 ||| BUYING +0 cloak (49 gold).
  2569 | D:4      | Bought a +0 cloak for 49 gold pieces
  2569 | D:4      | 2569 ||| BUYING +0 pair of boots (49 gold).
  2569 | D:4      | Bought a +0 pair of boots for 49 gold pieces
  2569 | D:4      | 2569 ||| SHOPLISTING +0 plate armour (253 gold, have 50).
  2569 | D:4      | 2569 ||| SHOPLISTING +2 hat (176 gold, have 50).
  2569 | D:4      | 2569 ||| SHOPLISTING +2 pearl dragon scales (1192 gold,
                  | have 50).
  2589 | D:4      | Reached skill level 5 in Axes
  2684 | D:4      | 2684 ||| Stepping ~*~*~tactically~*~*~ (stealth).
  2742 | D:4      | 2742 ||| Stepping ~*~*~tactically~*~*~ (hiding).
  2756 | D:4      | Reached XP level 6. HP: 15/38 MP: 6/6
  2756 | D:4      | Killed from afar by an orc priest

Levels and vault maps discovered:
D:1:      evilmike_arrival_crescent, layout_loops_ring,
          chequers_serial_rivers_large_b
D:2:      layout_basic
D:3:      layout_basic
D:4:      layout_cave_pools, serial_shops, nicolae_stop_n_shop_1, minivault_27,
          feat_on_display, uniq_edmund

Skill      XL: |  1  2  3  4  5 |
---------------+----------------+-----
Axes           | 2 3 4 5 |  5.1
Fighting       | 4 |  4.0
Armour         | |  3.2
Shields        | |  3.2

Action                     |  1- 3 |  4- 6 || total
---------------------------+-------+-------++-------
  Melee: War axe           |   116 |    73 ||   189
    Use: Scroll            |     6 |     1 ||     7
         Potion            |     1 |       ||     1
 Armour: Scale mail        |     9 |       ||     9
         Chain mail        |    34 |    38 ||    72
  Dodge: Dodged            |    39 |    26 ||    65
  Block: Buckler           |    13 |    15 ||    28

Table legend:
 A = Non-vault XP
 B = Vault XP
 C = Vault XP percentage of total XP
 D = Non-vault monster count
 E = Vault monster count
 F = Vault count percentage of total count
                 A         B        C        D         E       F
            +---------+---------+-------+---------+---------+-------
      Total |     330 |       0 |   0.0 |      54 |       0 |   0.0
            +---------+---------+-------+---------+---------+-------
        D:1 |      13 |       0 |   0.0 |       8 |       0 |   0.0
        D:2 |      28 |       0 |   0.0 |      14 |       0 |   0.0
        D:3 |     176 |       0 |   0.0 |      21 |       0 |   0.0
        D:4 |     113 |       0 |   0.0 |      11 |       0 |   0.0
            +---------+---------+-------+---------+---------+-------
